 Dungeon Crawl Stone Soup version 0.31-a0-240-gb923e448b6 (webtiles) character file.

Game seed: 782506941123470426

6786 qw the Skirmisher (level 10, -6/91 HPs)
             Began as a Minotaur Hexslinger on July 11, 2023.
             Was a Believer of Okawaru.
             Mangled by a two-headed ogre
             ... wielding a +0 giant club
              (18 damage)
             ... on level 10 of the Dungeon.
             The game lasted 00:03:37 (9062 turns).

qw the Skirmisher (Minotaur Hexslinger)             Turns: 9062, Time: 00:03:37

Health: -6/91      AC: 15    Str: 14    XL:     10   Next: 76%
Magic:  12/12      EV: 18    Int: 10    God:    Okawaru [**....]
Gold:   44         SH:  5    Dex: 22    Spells: 10/11 levels left

rFire   . . .        e - +0 orcbow
rCold   . . .        (shield currently unavailable)
rNeg    . . .        m - +0 ring mail
rPois   .            (helmet restricted)
rElec   .            d - +0 cloak
rCorr   +            o - +2 pair of gloves
SInv    .            k - +1 pair of boots {Stlth+}
Will    .....        q - amulet of reflection
Stlth   ++++         a - +6 ring of dexterity
HPRegen 0.35/turn    i - ring of resist corrosion
MPRegen 0.13/turn

%: reflection
@: heroic
A: horns 2, retaliatory headbutt
a: Renounce Religion, Heroism


You were on level 10 of the Dungeon.
You worshipped Okawaru.
Okawaru was pleased with you.
You visited 1 branch of the dungeon, and saw 10 of its levels.

You collected 533 gold pieces.
You spent 489 gold pieces at shops.


Innate Abilities, Weirdness & Mutations

You have a pair of horns on your head.
You reflexively headbutt those who attack you in melee.


   Skills:
 - Level 9.2(14.2) Fighting
 + Level 13.1(18.1) Ranged Weapons
 - Level 6.3(11.3) Armour
 - Level 6.0(11.0) Dodging
 - Level 1.0 Spellcasting
 - Level 2.0 Hexes
 - Level 4.0 Invocations


You had 10 spell levels left.
You knew the following spells:

 Your Spells              Type           Power      Damage    Failure   Level
a - Slow                  Hex            16%        N/A       26%         1

Your spell library contained the following spells:

 Spells                   Type           Power      Damage    Failure   Level
 Inner Flame              Hex/Fire       2%         N/A       75%         3
 Portal Projectile        Hex/Tloc       4%         N/A       75%         3
 Cause Fear               Hex            2%         N/A       95%         4

Inventory:

Hand Weapons
 e - a +0 orcbow (weapon)
Armour
 d - a +0 cloak (worn)
 k - a +1 pair of boots of stealth (worn)
 m - a +0 ring mail (worn)
 o - a +2 pair of gloves (worn)
Jewellery
 a - a +6 ring of dexterity (left hand)
 i - a ring of resist corrosion (right hand)
 q - an amulet of reflection (around neck)
 t - a ring of fire
 Y - a ring of positive energy
Wands
 r - a wand of digging (4)
Scrolls
 c - 5 scrolls of identify
 h - 6 scrolls of teleportation
 u - a scroll of blinking {unknown}
Potions
 b - a potion of magic
 f - 3 potions of curing
 g - a potion of enlightenment
 j - a potion of haste
 n - a potion of might
 p - a potion of heal wounds
 s - a potion of cancellation

Dungeon Overview and Level Annotations

Branches:
Dungeon (10/15)            Temple (0/1) D:5            Lair (0/5) D:10
    Orc: D:9-12

Altars:
Ashenzari
Dithmenos
Fedhas
Gozag
Makhleb
Nemelex Xobeh
Okawaru
Trog
Uskayaw
Vehumet
Zin

Shops:
D:5 =   D:8 [   D:10 =*

Annotations:
D:10 2 transporters, Maurice; qw's ghost, journeyman MiHs


Message History

The two-headed ogre is almost dead.
You shoot an arrow. The arrow hits the two-headed ogre!!
You kill the two-headed ogre!
Okawaru is honoured by your kill. The two-headed ogre misses you.
You furiously retaliate!
You headbutt the two-headed ogre!
The two-headed ogre hits you with a +0 giant club!!
Maurice hits you but does no damage.
Your base Armour skill gained 2 levels and is now at level 6!
You shoot an arrow.
The arrow barely misses the two-headed ogre.
Maurice completely misses you.
You shoot an arrow.
The arrow closely misses the two-headed ogre.
The two-headed ogre closely misses you. The two-headed ogre misses you.
Maurice drinks a potion.
Maurice seems to grow stronger.
You shoot an arrow. The arrow hits the two-headed ogre!!
The two-headed ogre is severely wounded.
The two-headed ogre closely misses you.
The two-headed ogre hits you with a +0 giant club!
Maurice hits you from afar with a +0 spear.
Maurice steals your potion of resistance!
You shoot an arrow. The arrow hits the two-headed ogre!
The two-headed ogre is almost dead.
You shoot an arrow.
The arrow hits the two-headed ogre but does no damage.
The two-headed ogre is almost dead.
Maurice hits you but does no damage.
The two-headed ogre hits you with a +0 giant club!
The two-headed ogre closely misses you.
You shoot an arrow.
The arrow hits the two-headed ogre but does no damage.
The two-headed ogre is almost dead.
Maurice drinks a potion.
Maurice suddenly seems more resistant.
You shoot an arrow.
The arrow completely misses the two-headed ogre.
Maurice barely misses you.
The two-headed ogre hits you with a +0 giant club!
The two-headed ogre hits you with a +0 giant club!!
You die...

## ##. .###
##########..
.....
#...........
......####
#.........#.
..<..)@O)#
#...........
@...@.##@#
#........#..
..... #.#
#........'..
...g #.###
#......<.### ...
#...###...>....#
..
###...'........#
+ #####........#
#........#
##+##########
##+#######
#.......#...#
#..#


You could see Maurice (strong, resistant) and a two-headed ogre.

Vanquished Creatures
  A two-headed ogre (D:10)
  A kobold demonologist (D:10)
  Grinder (D:6)
  3 basilisks (D:10)
  4 yaks (D:10)
  2 wyverns
  5 water moccasins
  4 orc warriors
  An ice beast (D:6)
  9 centaurs
  2 ogres
  A phantom (D:4)
  Blork the orc (D:6)
  4 kobold brigands
  A bullfrog (D:7)
  A gnoll sergeant (D:10)
  7 scorpions
  14 killer bees
  10 orc priests
  5 hounds
  2 gnoll boudas (D:9)
  2 iguanas (D:6)
  8 orc wizards
  12 gnolls
  10 adders
  A shadow imp (D:6)
  An ufetubus (D:5)
  2 worms (D:2)
  4 dart slugs
  30 orcs
  4 endoplasms (D:2)
  7 giant cockroaches
  7 hobgoblins
  A quokka (D:2)
  8 ball pythons
  6 bats
  4 frilled lizards
  4 goblins
  26 kobolds
  4 rats
220 creatures vanquished.

Vanquished Creatures (others)
  A gnoll (D:10)
1 creature vanquished.

Grand Total: 221 creatures vanquished

Notes
Turn   | Place    | Note
-------+----------+-------------------------------------------
     0 | D:1      | qw the Minotaur Hexslinger began the quest for the Orb.
     0 | D:1      | Reached XP level 1. HP: 16/16 MP: 1/1
     0 | D:1      | 0 ||| qw: Version: 0.3-a-52-g30416fa
     0 | D:1      | 0 ||| qw: Game counter: 6089
     0 | D:1      | 0 ||| qw: Melee chars always use a shield: true
     0 | D:1      | 0 ||| qw: God list: Okawaru
     0 | D:1      | 0 ||| qw: Allow faded altars: false
     0 | D:1      | 0 ||| qw: Do Orc after clearing Dungeon:15 true
     0 | D:1      | 0 ||| qw: Do second Lair branch before Depths: true
     0 | D:1      | 0 ||| qw: Lair rune preference: random
     0 | D:1      | 0 ||| qw: Goals: Normal
     0 | D:1      | 0 ||| PLANNING D:1-11
   103 | D:1      | Reached skill level 3 in Ranged Weapons
   103 | D:1      | Reached XP level 2. HP: 23/23 MP: 2/2
   532 | D:1      | 532 ||| READING 2 scrolls labelled HOULIOCYOMN.
   533 | D:1      | 533 ||| READING scroll of enchant weapon.
   533 | D:1      | 533 ||| ENCHANTING +2 sling.
   534 | D:1      | 534 ||| READING scroll labelled NECLUONW ETIN.
   537 | D:1      | 537 ||| DROPPING scroll of poison.
   626 | D:2      | Reached XP level 3. HP: 29/29 MP: 3/3
   757 | D:2      | Reached skill level 4 in Ranged Weapons
   803 | D:2      | You fall into a shaft and drop 1 floor!
   888 | D:3      | Reached XP level 4. HP: 27/36 MP: 4/4
   934 | D:3      | 934 ||| UPGRADING to +0 leather armour.
   944 | D:3      | 944 ||| DROPPING +0 robe.
   945 | D:3      | 945 ||| UPGRADING to +0 ring mail.
   955 | D:3      | 955 ||| DROPPING +0 leather armour.
   956 | D:3      | 956 ||| DROPPING +6 ring of intelligence.
   957 | D:3      | 957 ||| UPGRADING to ring of positive energy.
   958 | D:3      | 958 ||| READING scroll labelled YVVICI YTRARO.
   959 | D:3      | 959 ||| READING scroll labelled REIF DURCHALOSI.
   960 | D:3      | 960 ||| READING scroll labelled OLI FIKHLAA.
  1125 | D:2      | Reached skill level 1 in Armour
  1329 | D:2      | 1329 ||| DRINKING 2 clear potions.
  1368 | D:3      | 1368 ||| STAIRDANCE
  1465 | D:3      | 1465 ||| STAIRDANCE
  1684 | D:3      | Reached skill level 5 in Ranged Weapons
  2012 | D:3      | 2012 ||| UPGRADING to +0 pair of gloves.
  2017 | D:3      | 2017 ||| READING scroll labelled WAD BEQEHAGYIW.
  2018 | D:3      | 2018 ||| READING scroll labelled IPOQIY BUFAO.
  2019 | D:3      | 2019 ||| READING scroll labelled COFITWEZEO.
  2076 | D:3      | 2076 ||| READING 2 scrolls of identify.
  2076 | D:3      | 2076 ||| IDENTIFYING ruby potion
  2230 | D:4      | Noticed a scorpion
  2232 | D:4      | Killed a scorpion
  2233 | D:4      | Reached skill level 3 in Fighting
  2233 | D:4      | Reached XP level 5. HP: 46/46 MP: 5/5
  2257 | D:4      | Noticed an ogre
  2260 | D:4      | Killed an ogre
  2304 | D:4      | 2304 ||| FLEEEEING.
  2305 | D:4      | 2305 ||| FLEEEEING.
  2306 | D:4      | 2306 ||| FLEEEEING.
  2307 | D:4      | 2307 ||| STAIRDANCE
  2357 | D:3      | 2357 ||| UPGRADING to ring of resist corrosion.
  2358 | D:3      | 2358 ||| DRINKING 2 orange potions.
  2359 | D:3      | 2359 ||| DROPPING potion of degeneration.
  2363 | D:4      | 2363 ||| STAIRDANCE
  2416 | D:4      | 2416 ||| STAIRDANCE
  2422 | D:3      | Reached skill level 6 in Ranged Weapons
  2422 | D:3      | Reached XP level 6. HP: 33/52 MP: 6/6
  2427 | D:3      | HP: 10/52 [orc priest/+0 club (5)]
  2428 | D:3      | 2428 ||| READING 2 scrolls of teleportation.
  2429 | D:3      | 2429 ||| DRINKING potion of heal wounds.
  2582 | D:4      | Found a radiant altar of Vehumet.
  2673 | D:4      | Found a hide-covered altar of Uskayaw.
  2871 | D:4      | 2871 ||| DRINKING 2 blue potions.
  2888 | D:5      | Entered Level 5 of the Dungeon
  2894 | D:5      | Reached skill level 7 in Ranged Weapons
  2927 | D:5      | Reached XP level 7. HP: 59/59 MP: 7/7
  3143 | D:5      | Found an iron altar of Okawaru.
  3144 | D:5      | 3144 ||| PLANNING OKAWARU WORSHIP
  3144 | D:5      | 3144 ||| UPGRADING to +0 pair of boots.
  3156 | D:5      | Became a worshipper of Warmaster Okawaru
  3157 | D:5      | 3157 ||| PLANNING D:1-11
  3211 | D:5      | Found a staircase to the Ecumenical Temple.
  3344 | D:5      | Found a sparkling altar of Nemelex Xobeh.
  3346 | D:5      | 3346 ||| FLEEEEING.
  3421 | D:5      | Found a glowing silver altar of Zin.
  3427 | D:5      | Found Sopib's Jewellery Shoppe.
  3436 | D:5      | 3436 ||| SHOPLISTING amulet of regeneration (420 gold, have
                  | 267).
  3436 | D:5      | 3436 ||| SHOPLISTING ring of Kegaorph {rC+ Str+3 Int+2
                  | Dex+6} (847 gold, have 267).
  3620 | D:5      | Reached skill level 8 in Ranged Weapons
  3958 | D:5      | 3958 ||| UPGRADING to +0 cloak.
  3963 | D:5      | 3963 ||| DROPPING ring of wizardry.
  3964 | D:5      | 3964 ||| READING 3 scrolls of identify.
  3964 | D:5      | 3964 ||| IDENTIFYING sedimented pink potion
  3965 | D:5      | 3965 ||| READING 2 scrolls of identify.
  3965 | D:5      | 3965 ||| IDENTIFYING red potion
  4019 | D:6      | 4019 ||| Stepping ~*~*~tactically~*~*~ (outnumbered).
  4028 | D:6      | 4028 ||| Stepping ~*~*~tactically~*~*~ (outnumbered).
  4061 | D:6      | 4061 ||| Stepping ~*~*~tactically~*~*~ (outnumbered).
  4226 | D:6      | Reached * piety under Okawaru
  4351 | D:6      | Noticed Grinder
  4352 | D:6      | 4352 ||| INVOKING Heroism.
  4358 | D:6      | Paralysed by Grinder for 3 turns
  4362 | D:6      | Killed Grinder
  4363 | D:6      | Reached skill level 9 in Ranged Weapons
  4363 | D:6      | Reached XP level 8. HP: 62/68 MP: 5/8
  4392 | D:6      | 4392 ||| INVOKING Heroism.
  4397 | D:6      | Reached skill level 3 in Armour
  4515 | D:6      | 4515 ||| READING scroll of enchant armour.
  4515 | D:6      | 4515 ||| ENCHANTING +0 pair of gloves.
  4540 | D:6      | Noticed Blork the orc
  4541 | D:6      | 4541 ||| SWAPPING to +0 orcbow.
  4550 | D:6      | Killed Blork the orc
  4551 | D:6      | Reached skill level 6 in Fighting
  4551 | D:6      | 4551 ||| DROPPING +3 sling of electrocution.
  4647 | D:6      | Reached skill level 1 in Invocations
  4663 | D:6      | 4663 ||| INVOKING Heroism.
  4671 | D:6      | Reached skill level 3 in Dodging
  5071 | D:6      | Reached skill level 10 in Ranged Weapons
  5198 | D:6      | Found an opulent altar of Gozag.
  5198 | D:6      | Found a burning altar of Makhleb.
  5200 | D:6      | 5200 ||| READING scroll labelled ABODGH CYGOUXU.
  5201 | D:6      | 5201 ||| READING 3 scrolls of identify.
  5201 | D:6      | 5201 ||| IDENTIFYING fizzy ruby potion
  5202 | D:6      | 5202 ||| READING 2 scrolls of identify.
  5202 | D:6      | 5202 ||| IDENTIFYING grey potion
  5203 | D:6      | 5203 ||| DROPPING potion of attraction.
  5204 | D:6      | 5204 ||| DROPPING potion of brilliance.
  5277 | D:7      | 5277 ||| INVOKING Heroism.
  5401 | D:7      | Found a shadowy altar of Dithmenos.
  5479 | D:7      | Reached XP level 9. HP: 62/78 MP: 8/10
  5635 | D:7      | Reached skill level 3 in Invocations
  5783 | D:7      | 5783 ||| READING scroll of enchant armour.
  5783 | D:7      | 5783 ||| ENCHANTING +1 pair of gloves.
  5855 | D:7      | 5855 ||| READING scroll labelled NOROIB DEPSI.
  5903 | D:8      | Found a broken altar of Ashenzari.
  5916 | D:8      | 5916 ||| INVOKING Heroism.
  6342 | D:8      | 6342 ||| Stepping ~*~*~tactically~*~*~ (outnumbered).
  6350 | D:8      | Reached skill level 11 in Ranged Weapons
  6525 | D:8      | Found a blossoming altar of Fedhas.
  6539 | D:8      | 6539 ||| Stepping ~*~*~tactically~*~*~ (outnumbered).
  6540 | D:8      | 6540 ||| INVOKING Heroism.
  6587 | D:8      | Found Ofeunte's Armour Emporium.
  6590 | D:8      | 6590 ||| BUYING +1 pair of boots of stealth (214 gold).
  6590 | D:8      | Bought a +1 pair of boots of stealth for 214 gold pieces
  6682 | D:8      | 6682 ||| UPGRADING to +1 pair of boots of stealth.
  6692 | D:8      | 6692 ||| DROPPING +0 pair of boots.
  6693 | D:8      | 6693 ||| DRINKING 2 bubbling orange potions.
  6757 | D:9      | 6757 ||| INVOKING Heroism.
  6974 | D:9      | 6974 ||| Stepping ~*~*~tactically~*~*~ (outnumbered).
  6976 | D:9      | 6976 ||| Stepping ~*~*~tactically~*~*~ (outnumbered).
  6978 | D:9      | 6978 ||| Stepping ~*~*~tactically~*~*~ (outnumbered).
  6980 | D:9      | 6980 ||| INVOKING Heroism.
  7009 | D:9      | 7009 ||| INVOKING Heroism.
  7122 | D:9      | 7122 ||| INVOKING Heroism.
  7173 | D:9      | 7173 ||| Stepping ~*~*~tactically~*~*~ (outnumbered).
  7174 | D:9      | 7174 ||| Stepping ~*~*~tactically~*~*~ (outnumbered).
  7227 | D:9      | Reached skill level 12 in Ranged Weapons
  7307 | D:9      | 7307 ||| INVOKING Heroism.
  7611 | D:9      | Reached XP level 10. HP: 63/88 MP: 12/12
  7612 | D:9      | 7612 ||| INVOKING Heroism.
  7743 | D:9      | Identified the +4 great sword "Vinwez" {speed, Fly Str+4}
  8006 | D:9      | 8006 ||| INVOKING Heroism.
  8011 | D:9      | 8011 ||| Stepping ~*~*~tactically~*~*~ (outnumbered).
  8034 | D:9      | 8034 ||| INVOKING Heroism.
  8200 | D:9      | 8200 ||| UPGRADING to amulet of reflection.
  8205 | D:9      | 8205 ||| UPGRADING to +6 ring of dexterity.
  8207 | D:9      | 8207 ||| READING 7 scrolls of identify.
  8207 | D:9      | 8207 ||| IDENTIFYING fuming coppery potion
  8208 | D:9      | 8208 ||| READING 6 scrolls of identify.
  8208 | D:9      | 8208 ||| IDENTIFYING purple potion
  8238 | D:10     | Entered Level 10 of the Dungeon
  8240 | D:10     | Found Jymeb's Demolitions Depot.
  8338 | D:10     | Noticed a tengu warrior
  8340 | D:10     | Found a bloodstained altar of Trog.
  8340 | D:10     | Noticed a two-headed ogre
  8340 | D:10     | Noticed qw's ghost (journeyman MiHs)
  8340 | D:10     | Noticed a moth of wrath
  8355 | D:10     | 8355 ||| Stepping ~*~*~tactically~*~*~ (outnumbered).
  8357 | D:10     | 8357 ||| Stepping ~*~*~tactically~*~*~ (outnumbered).
  8361 | D:10     | 8361 ||| Stepping ~*~*~tactically~*~*~ (outnumbered).
  8484 | D:10     | Reached skill level 6 in Dodging
  8487 | D:10     | 8487 ||| INVOKING Heroism.
  8500 | D:10     | Reached skill level 13 in Ranged Weapons
  8506 | D:10     | Reached ** piety under Okawaru
  8511 | D:10     | 8511 ||| INVOKING Heroism.
  8521 | D:10     | Reached skill level 9 in Fighting
  8713 | D:10     | Found a staircase to the Lair.
  8731 | D:10     | Found Upiet's Jewellery Emporium.
  8736 | D:10     | 8736 ||| SHOPLISTING +4 ring of protection (396 gold, have
                  | 282).
  8736 | D:10     | 8736 ||| BUYING ring of fire (275 gold).
  8736 | D:10     | Bought a ring of fire for 275 gold pieces
  8736 | D:10     | 8736 ||| SHOPLISTING ring of ice (275 gold, have 7).
  8895 | D:10     | Found a transporter.
  8903 | D:10     | Found a transporter.
  9028 | D:10     | Noticed Maurice
  9029 | D:10     | 9029 ||| Stepping ~*~*~tactically~*~*~ (outnumbered).
  9036 | D:10     | 9036 ||| Stepping ~*~*~tactically~*~*~ (outnumbered).
  9042 | D:10     | Noticed a two-headed ogre
  9043 | D:10     | 9043 ||| INVOKING Heroism.
  9044 | D:10     | Noticed a two-headed ogre
  9055 | D:10     | Killed a two-headed ogre
  9056 | D:10     | Reached skill level 6 in Armour
  9062 | D:10     | HP: 12/91 [two-headed ogre/+0 giant club (17)]
  9062 | D:10     | Mangled by a two-headed ogre

Levels and vault maps discovered:
D:1:      elethiomel_arrival_fortress_basement, layout_rooms,
          minmay_large_rounded_square
D:2:      layout_loops_ring, st_stairs_2
D:3:      layout_loops_ring
D:4:      layout_cave_pools, mainiacjoe_overflow_cross_hatched,
          mainiacjoe_overflow_chevrons, roderic_roman_lattice
D:5:      layout_basic, zin_statuary, kennysheep_okawaru_gauntlet,
          mainiacjoe_overflow_boulevard, temple_pool_b, serial_shops,
          nicolae_shop_competitors_out_of_business, guppyfry_early_lair_pool
D:6:      layout_loops_cross, gammafunk_temple_overflow_elements, uniq_grinder,
          uniq_blork_the_orc
D:7:      layout_rooms, nicolae_dithmenos_the_darkroom, minmay_misc_feat_rows
D:8:      layout_loops_ring, old_standard_altar, general_overflow_altar,
          serial_shops, nicolae_shop_trees, due_unseen_surprise
D:9:      layout_basic, nicolae_houndstooth_variations
D:10:     layout_roguey, nicolae_overflow_hidden_temple,
          minmay_lair_entry_grove, gammafunk_ghost_wrathful_warriors,
          serial_shops, shop_fountains, minmay_gold_behind_fungi,
          nicolae_blasting_shop, dilly_guarded_unrand_devastator, uniq_maurice

Skill      XL: |  1  2  3  4  5  6  7  8  9 10 |
---------------+-------------------------------+-----
Ranged Weapons | 3 4 5 6 7 9 10 12 13 | 13.1
Fighting       | 2 3 4 5 6 8 9 |  9.2
Armour         | 1 2 3 4 6 |  6.3
Invocations    | 2 4 |  4.0
Dodging        | 3 4 6 |  6.0
Spellcasting   | |  1.0
Hexes          | |  2.0

Action                     |  1- 3 |  4- 6 |  7- 9 | 10-12 || total
---------------------------+-------+-------+-------+-------++-------
   Fire: Sling             |   112 |   123 |   137 |       ||   372
         Orcbow            |       |       |   306 |   167 ||   473
 Invoke: Heroism           |       |       |    11 |     6 ||    17
    Use: Scroll            |     3 |     8 |     8 |     2 ||    21
         Potion            |       |     4 |     1 |       ||     5
 Armour: Robe              |     7 |       |       |       ||     7
         Ring mail         |       |    30 |   104 |    30 ||   164
  Dodge: Dodged            |    29 |    32 |   174 |    83 ||   318
  Block: Other             |       |       |       |    24 ||    24
         Reflection        |       |       |       |     2 ||     2

Table legend:
 A = Non-vault XP
 B = Vault XP
 C = Vault XP percentage of total XP
 D = Non-vault monster count
 E = Vault monster count
 F = Vault count percentage of total count
                 A         B        C        D         E       F
            +---------+---------+-------+---------+---------+-------
      Total |    6299 |    3396 |  35.0 |     198 |      22 |  10.0
            +---------+---------+-------+---------+---------+-------
        D:1 |      28 |       1 |   3.4 |      18 |       1 |   5.3
        D:2 |      76 |       3 |   3.8 |      22 |       2 |   8.3
        D:3 |     145 |       0 |   0.0 |      24 |       0 |   0.0
        D:4 |     350 |       0 |   0.0 |       9 |       0 |   0.0
        D:5 |     415 |      30 |   6.7 |      11 |       4 |  26.7
        D:6 |    1067 |     362 |  25.3 |      24 |       2 |   7.7
        D:7 |     599 |       0 |   0.0 |      13 |       0 |   0.0
        D:8 |     996 |       0 |   0.0 |      20 |       0 |   0.0
        D:9 |    1804 |       0 |   0.0 |      40 |       0 |   0.0
       D:10 |     819 |    3000 |  78.6 |      17 |      13 |  43.3
            +---------+---------+-------+---------+---------+-------
